AoeStats
← Patience

Arabia

508796945Analyzed
1v1 RM · 7d ago on Sep 24, 2026· 41m 49s· 2 players
Game mode
Random Map
Map size
Tiny (2 player)
Population
200
Speed
Normal
Resources
Standard
Victory
Conquest
Starting age
Dark Age
Ending age
Imperial Age
RankedLock teamsTeams togetherTeam positionsShared explorationLock speedFull tech treeHidden civsTurbo modeCheats
Victory
Defeat
🇺🇸 Saxons · United States
768
+17
🇦🇷 Persians · Argentina
783
-17
Patience
10:19 Feudal Age
19:09 Loom
28:19 Castle Age
28:18 Forging
28:09 Scale Mail Armor
28:37 Pikeman
31:16 Iron Casting
DS_CuervoNegro
7:18 Loom
10:13 Feudal Age
11:34 Double-Bit Axe
11:33 Horse Collar
18:33 Wheelbarrow
22:18 Castle Age
21:29 Forging
21:24 Scale Barding Armor
24:04 Bloodlines
23:54 Husbandry
24:37 Chain Barding Armor
24:53 Iron Casting
25:18 Bow Saw
25:52 Bloodlines
25:42 Husbandry
Connection lost

Rejoining the realm…

Still unreachable

The connection could not be restored.

Session expired

The server has moved on; the page needs a fresh start.